 Dungeon Crawl Stone Soup version 0.25.1-2-g60ff931df9 (webtiles) character file.

Game seed: 2408099288763667327

840 Curus the Basher (level 7, 0/50 HPs)
             Began as a Demonspawn Gladiator on Aug 9, 2020.
             Splashed by a jelly's acid (7 damage)
             ... on level 5 of the Dungeon.
             The game lasted 00:19:12 (5570 turns).

Curus the Basher (Demonspawn Gladiator)             Turns: 5570, Time: 00:19:13

Health: 0/50       AC: -5    Str: 14    XL:     7   Next: 67%
Magic:  7/7        EV: 13    Int:  9    God:
Gold:   342        SH:  0    Dex: 17    Spells: 6/6 levels left

rFire    . . .     SeeInvis .   a - +0 flail
rCold    . . .     Gourm    .   (no shield)
rNeg     + . .     Faith    .   b - +1 leather armour
rPois    .         Spirit   .   c - +0 helmet
rElec    .         Reflect  .   k - +1 cloak
rCorr    .         Harm     .   (no gloves)
MR       .....                  (no boots)
Stlth    +.........             (no amulet)
HPRegen  0.16/turn              e - ring of positive energy
MPRegen  0.10/turn              (no ring)

@: corroded
A: talons 1, powered by pain 2, spiny 1
a: no special abilities


You were on level 5 of the Dungeon.
You were not hungry.

You visited 1 branch of the dungeon, and saw 5 of its levels.
You also visited: Sewer.

You collected 342 gold pieces.

Inventory:

Hand Weapons
 a - a +0 flail (weapon)
Missiles
 d - 2 throwing nets (quivered)
Armour
 b - a +1 leather armour (worn)
 c - a +0 helmet (worn)
 k - a +1 cloak (worn)
Jewellery
 e - a ring of positive energy (left hand)
Scrolls
 h - 4 scrolls of identify
 i - 6 scrolls of remove curse
 m - a scroll of teleportation
 p - a scroll of amnesia
 q - a scroll of fear
Potions
 j - 2 potions of might
 l - 3 potions of curing
 n - a potion of resistance
 o - a potion of lignification
Comestibles
 f - 10 rations
 g - 6 chunks of flesh


   Skills:
 - Level 2.0 Fighting
 + Level 8.5 Maces & Flails
 - Level 1.7 Throwing
 - Level 2.6 Dodging


You had 6 spell levels left.
You didn't know any spells.
Your spell library was empty.

Dungeon Overview and Level Annotations

Branches:
Dungeon (5/15)              Sewer (visited)
 Temple: D:4-7

Altars:
Nemelex Xobeh
Sif Muna
Zin


Innate Abilities, Weirdness & Mutations

You have sharp toenails.
You sometimes gain power by taking damage.
You are partially covered in sharp spines.


Message History

You hit the jelly.
Your hands burn!
The jelly is moderately wounded.
The jelly is struck by your spines. The jelly hits you. The acid corrodes you!
You are splashed with acid!
* * * LOW HITPOINT WARNING * * *
Throwing (i - inventory)
d - 3 throwing nets (quivered)
Press: ? - help, Shift-Dir - straight line, f - jelly
Aim: a jelly (moderately wounded)
You throw a throwing net.
The throwing net barely misses the jelly.
The jelly jiggles.
The jelly is struck by your spines. The jelly completely misses you.
You hit the jelly.
Your hands burn!
* * * LOW HITPOINT WARNING * * *
You claw the jelly, but do no damage.
The jelly is severely wounded.
The jelly hits you.
* * * LOW HITPOINT WARNING * * *
The acid corrodes you!
You are splashed with acid!
You die...

....# #.##
#######.######
....# ###..##
#.......
##..###.....#
########
......#.....#######
.#..#.............#
....###.....#####.#
...##
#......####.######
##.#
#.......#........#
#.#
##.....##.@J##.#.#
#.#
#.....###......#
#.# #.....#
#.)##..# #.#
#.....# #..# ..#
... #.....# #...
... #.. #.....#
#### ### #######


You could see a jelly.

Vanquished Creatures
  An ice beast (D:5)
  An ogre (D:3)
  A phantom (D:5)
  A scorpion (D:5)
  A howler monkey (D:5)
  A jelly (D:5)
  An orc wizard (D:5)
  An orc priest (D:5)
  A bullfrog skeleton (D:5)
  2 hounds (D:4)
  2 iguanas
  3 worker ants
  3 gnolls (D:4)
  6 adders
  A river rat (D:4)
  A shadow imp (D:5)
  An adder skeleton (D:5)
  2 dart slugs
  6 leopard geckos
  16 orcs
  3 ball pythons (Sewer)
  9 giant cockroaches
  6 goblins
  4 hobgoblins
  2 jackals (D:1)
  A quokka (D:3)
  2 bats (D:2)
  15 frilled lizards
  A jackal skeleton (D:5)
  2 kobolds
  A quokka skeleton (D:5)
  5 rats
103 creatures vanquished.

Notes
Turn   | Place    | Note
-------+----------+-------------------------------------------
     0 | D:1      | Curus the Demonspawn Gladiator began the quest for the Orb.
     0 | D:1      | Reached XP level 1. HP: 16/16 MP: 1/1
    78 | D:1      | Reached skill level 3 in Maces & Flails
   255 | D:1      | Gained mutation: You are partially covered in sharp spines.
                  | [demonic ancestry]
   255 | D:1      | Reached XP level 2. HP: 20/22 MP: 2/2
  1363 | D:2      | Gained mutation: You have sharp toenails. [demonic
                  | ancestry]
  1363 | D:2      | Reached XP level 3. HP: 27/27 MP: 3/3
  1481 | D:2      | Found a sparkling altar of Nemelex Xobeh.
  1481 | D:2      | Found a shimmering blue altar of Sif Muna.
  1482 | D:2      | Found a glowing silver altar of Zin.
  1543 | D:3      | Noticed an ogre
  1547 | D:3      | Killed an ogre
  1547 | D:3      | Reached skill level 5 in Maces & Flails
  1547 | D:3      | Gained mutation: You sometimes gain a little power by
                  | taking damage. [demonic ancestry]
  1547 | D:3      | Reached XP level 4. HP: 33/33 MP: 4/4
  1815 | D:3      | Reached XP level 5. HP: 31/38 MP: 5/5
  2242 | D:3      | You fall into a shaft and drop 1 floor!
  2580 | D:4      | Found a glowing drain.
  2588 | Sewer    | Entered a sewer
  2720 | Sewer    | Reached skill level 6 in Maces & Flails
  3341 | D:4      | Reached XP level 6. HP: 37/44 MP: 6/6
  4211 | D:5      | Entered Level 5 of the Dungeon
  4467 | D:5      | Reached skill level 7 in Maces & Flails
  4484 | D:5      | Gained mutation: You sometimes gain power by taking damage.
                  | [demonic ancestry]
  4484 | D:5      | Reached XP level 7. HP: 23/50 MP: 7/7
  5137 | D:5      | Reached skill level 8 in Maces & Flails
  5570 | D:5      | Splashed by a jelly's acid

Illustrated notes

Levels and vault maps discovered:
D:1:      roderic_crop_circles_arrival_small, layout_basic,
          corexii_item_surrounded_by_moat
D:2:      layout_rooms, gammafunk_temple_overflow_claw
D:3:      layout_loops_ring, small_statue_intersection, st_stairs_10
D:4:      layout_loops_corners, first_ration, gup_sewer_entry_bubbles,
          minmay_pentomino_pile
D:5:      layout_loops_cross

Skill      XL: |  1  2  3  4  5  6  7 |
---------------+----------------------+-----
Maces & Flails | 3 5 6 7 8 |  8.5
Fighting       | |  2.0
Throwing       | |  1.7
Dodging        | |  2.6

Action                   |  1- 3 |  4- 6 |  7- 9 || total
-------------------------+-------+-------+-------++-------
Melee: Flail             |    54 |   131 |    60 ||   245
       Kick              |     1 |    38 |    23 ||    62
Throw: Throwing net      |       |       |     1 ||     1
  Use: Scroll            |     4 |     6 |       ||    10
       Potion            |     3 |     6 |       ||     9
 Stab: Sleeping          |       |     2 |       ||     2
  Eat: Chunk             |     2 |     9 |     4 ||    15
Armor: Leather armour    |    12 |    19 |     7 ||    38
Dodge: Dodged            |    33 |    76 |    23 ||   132
